 Dungeon Crawl Stone Soup version 0.18.1-1-g2f07953 (webtiles) character file.

675 varam the Ruffian (level 7, -7/66 HPs)
             Began as a Troll Transmuter on May 6, 2016.
             Was a Believer of Cheibriados.
             Killed from afar by Dowan (13 damage)
             ... with a stone arrow
             ... on level 6 of the Dungeon.
             The game lasted 00:17:20 (4609 turns).

varam the Ruffian (Troll Transmuter)                Turns: 4609, Time: 00:17:20

Health: -7/66      AC:  5    Str: 25    XL:     7   Next: 33%
Magic:  1/9        EV:  9    Int: 14    God:    Cheibriados [**....]
Gold:   330        SH:  0    Dex: 16    Spells: 3 memorised, 4 levels left

rFire  . . .     SeeInvis .       - Unarmed
rCold  . . .     Gourm    +     b - +0 robe
rNeg   . . .     Faith    .     (no shield)
rPois  +         Spirit   .     (helmet restricted)
rElec  .         Dismiss  .     (no cloak)
rCorr  .         Reflect  .     (gloves unavailable)
SustAt .         Harm     .     (boots unavailable)
MR     .....                    (no amulet)
Stlth  +.........               (no ring)
                                w - ring of poison resistance

@: appendage (expiring), very slightly contaminated, drained, very slow, not
resistant to hostile enchantments, very unstealthy
A: unfitting armour, claws 3, horns 2, fast metabolism 3, gourmand, regeneration
2, shaggy fur 1, tough skin 2
a: End Transformation, Bend Time, Renounce Religion


You were on level 6 of the Dungeon.
You worshipped Cheibriados.
Cheibriados was pleased with you.
You were full.
You had grown temporary horns.
You visited 1 branch of the dungeon, and saw 6 of its levels.

You collected 330 gold pieces.

Inventory:

Missiles
 a - 45 arrows
Armour
 b - a +0 robe (worn)
Jewellery
 w - a ring of poison resistance (left claw)
Wands
 i - a wand of polymorph (14/24)
 D - a wand of iceblast (5/15)
Scrolls
 e - 9 scrolls of identify {unknown}
 k - 6 scrolls of remove curse {unknown}
 l - 7 scrolls of teleportation {unknown}
 n - 5 scrolls of amnesia {unknown}
 s - 2 scrolls of enchant armour {unknown}
 x - a scroll of magic mapping {unknown}
 y - a scroll of brand weapon {unknown}
 B - a scroll of blinking {unknown}
Potions
 g - a potion of flight {unknown}
 h - a potion of berserk rage {unknown}
 j - 3 potions of curing {unknown}
 o - a potion of haste {unknown}
 q - 3 potions of degeneration {unknown}
 r - 2 potions of brilliance {unknown}
 t - 2 potions of cure mutation {unknown}
 u - a potion of agility {unknown}
 v - 3 potions of heal wounds {unknown}
 A - a potion of might {unknown}
Books
 c - a book of Changes

   Spells                             Type                      Level
   a - Beastly Appendage              Transmutation                1
   b - Sticks to Snakes               Transmutation                2
   c - Spider Form                    Transmutation/Poison         3
   d - Ice Form                       Ice/Transmutation            4
   e - Blade Hands                    Transmutation                5
Comestibles
 d - 5 bread rations
 f - 3 meat rations
 m - a royal jelly
 z - a beef jerky


   Skills:
 - Level 2.5(1.8) Fighting
 - Level 1.5(0.9) Dodging
 - Level 6.1(5.4) Unarmed Combat
 + Level 2.4(1.8) Spellcasting
 + Level 3.0(2.4) Transmutations


You had 4 spell levels left.
You knew the following spells:

 Your Spells              Type           Power        Failure   Level  Hunger
a - Beastly Appendage     Trmt           #.....       12%         1    ##.....
b - Sticks to Snakes      Trmt           #.......     17%         2    ###....
c - Spider Form           Trmt/Pois      #.........   47%         3    ####...


Dungeon Overview and Level Annotations

Branches:
Dungeon (6/15)             Temple (0/1) D:4

Altars:
Ashenzari
Cheibriados
Nemelex Xobeh
Okawaru
Qazlal
Trog
Yredelemnul
Zin

Annotations:
D:2 Sigmund
D:6 Dowan


Innate Abilities, Weirdness & Mutations

You are too large for most types of armour.
You have claws for hands.
Your metabolism is lightning-fast.
You like to eat raw meat.
You heal very quickly.
You are covered in fur (AC +1).
You have very tough skin (AC +2).
You have a pair of horns on your head.


Message History

Dowan hits you but does no damage.
Dowan shakes with grief.
Dowan gestures at you while chanting. The stone arrow misses you.
Your transformation is almost over.
Dowan casts a spell at you. The stone arrow misses you.
Casting: Beastly Appendage
Confirm with . or Enter, or press ? or * to list all spells.
You miscast Sticks to Snakes.
You are very lightly contaminated with residual magic.
Nothing appears to happen.
Casting: Sticks to Snakes
Confirm with . or Enter, or press ? or * to list all spells.
You create a snake!
You now have 45 arrows.
Dowan hits you with a dagger.
* * * LOW HITPOINT WARNING * * *
Dowan is no longer moving quickly.
Dowan casts a spell at you. The stone arrow hits you!
You die...

#### ##'## ####.# #)# #.#
#.# #[# ## ##.###### #.#
#.## ##.......# #.#
##...## #.....##.# #.#
......####...###.# #.#
.............###.#######.#
#.....#####..Se.@........#
##...## #.####.#########
#.## #......# ## ########


You could see Dowan and a friendly adder.

Vanquished Creatures
  Duvessa (D:6)
  A sky beast (D:5)
  2 wights (D:6)
  2 howler monkeys
  A crimson imp (D:5)
  A jelly (D:6)
  Natasha (D:2)
  An iguana (D:5)
  A worker ant (D:5)
  A killer bee zombie (D:6)
  A hound zombie (D:6)
  A hound skeleton (D:5)
  2 adders (D:4)
  7 gnolls
  An adder skeleton (D:6)
  3 worms
  A dart slug (D:2)
  3 giant geckos
  3 orcs
  5 giant cockroaches
  9 goblins
  4 hobgoblins
  6 kobolds
  A ball python (D:1)
  A ball python skeleton (D:5)
  4 bats
  4 giant newts
  A quokka skeleton (D:4)
  3 rats
  A spectral orc (D:2)
73 creatures vanquished.

Notes
Turn   | Place    | Note
--------------------------------------------------------------
     0 | D:1      | varam the Troll Transmuter began the quest for the Orb.
     0 | D:1      | Reached XP level 1. HP: 18/18 MP: 1/1
    95 | D:1      | Found an iron altar of Okawaru.
    95 | D:1      | Found an iron altar of Okawaru.
   100 | D:1      | Reached skill level 1 in Fighting
   369 | D:1      | Reached XP level 2. HP: 27/27 MP: 0/2
   819 | D:2      | Found a snail-covered altar of Cheibriados.
   827 | D:2      | Became a worshipper of Cheibriados the Contemplative
   853 | D:2      | Found a shattered altar of Ashenzari.
   867 | D:2      | Reached XP level 3. HP: 30/33 MP: 1/3
  1003 | D:2      | Found a basalt altar of Yredelemnul.
  1103 | D:2      | Noticed Sigmund
  1189 | D:2      | Noticed Natasha
  1209 | D:2      | Killed Natasha
  1209 | D:2      | Reached skill level 4 in Unarmed Combat
  1533 | D:3      | Reached XP level 4. HP: 27/42 MP: 4/4
  1656 | D:3      | Reached * piety under Cheibriados
  1841 | D:3      | Found a glowing silver altar of Zin.
  2179 | D:4      | Found a stormy altar of Qazlal.
  2579 | D:4      | Found a staircase to the Ecumenical Temple.
  2761 | D:4      | Found a bloodstained altar of Trog.
  2888 | D:4      | Reached XP level 5. HP: 47/50 MP: 2/5
  3098 | D:5      | Entered Level 5 of the Dungeon
  3109 | D:5      | Reached skill level 5 in Unarmed Combat
  3191 | D:5      | Found a sparkling altar of Nemelex Xobeh.
  3203 | D:5      | Noticed an ice beast
  3206 | D:5      | Noticed a sky beast
  3206 | D:5      | an ice beast changed into a sky beast
  3211 | D:5      | Killed a sky beast
  3211 | D:5      | Reached skill level 6 in Unarmed Combat
  3211 | D:5      | Reached XP level 6. HP: 51/59 MP: 4/6
  3449 | D:5      | Learned a level 2 spell: Sticks to Snakes
  3453 | D:5      | Learned a level 3 spell: Spider Form
  4054 | D:6      | Reached ** piety under Cheibriados
  4435 | D:6      | Reached XP level 7. HP: 66/66 MP: 5/9
  4565 | D:6      | Noticed Dowan
  4566 | D:6      | Noticed Duvessa
  4576 | D:6      | Killed Duvessa
  4603 | D:6      | HP: 3/66 [Dowan/shard of ice (18)]
  4609 | D:6      | Killed from afar by Dowan

Skill      XL: |  1  2  3  4  5  6  7 |
---------------+----------------------+-----
Fighting       | 1 2 |  2.5
Unarmed Combat | 4 6 |  6.1
Transmutations | 2 3 |  3.0
Spellcasting   | 2 |  2.4
Dodging        | |  1.5

Action                   |  1- 3 |  4- 6 |  7- 9 || total
-------------------------+-------+-------+-------++-------
Melee: Unarmed           |    86 |   118 |    14 ||   218
       Headbutt          |     2 |     6 |     1 ||     9
       Kick              |     3 |    16 |     2 ||    21
       Punch             |     1 |     3 |       ||     4
 Cast: Beastly Appendage |    16 |    27 |     6 ||    49
       Sticks to Snakes  |       |     4 |     1 ||     5
Invok: Bend Time         |     1 |       |     2 ||     3
Evoke: Wand              |       |     2 |       ||     2
 Stab: Sleeping          |     1 |       |       ||     1
  Eat: Chunk             |    17 |    21 |       ||    38
Armor: Robe              |    30 |    29 |     3 ||    62
Dodge: Dodged            |    44 |    43 |     3 ||    90
